AoeStats
← Pillage The Village

Arabia

503663175Analyzed
1v1 RM · 1mo ago on Sep 1, 2026· 64m 55s· 2 players
Game mode
Random Map
Map size
Tiny (2 player)
Population
200
Speed
Normal
Resources
Standard
Victory
Conquest
Starting age
Dark Age
Ending age
Imperial Age
RankedLock teamsTeams togetherTeam positionsShared explorationLock speedFull tech treeHidden civsTurbo modeCheats
Victory
Defeat
🇨🇿 Goths · Czechia
1543
+13
🇧🇪 Malians · Belgium
1485
-13
Pillage The Village
6:33 Loom
8:57 Feudal Age
9:50 Double-Bit Axe
21:03 Castle Age
19:51 Fletching
19:53 Gold Mining
19:46 Horse Collar
20:32 Padded Archer Armor
21:39 Bodkin Arrow
21:06 Crossbowman
25:39 Bow Saw
28:36 Thumb Ring
29:00 Leather Archer Armor
29:38 Ballistics
32:24 Scale Mail Armor
31:45 Pikeman
33:06 Gold Shaft Mining
36:32 Forging
36:55 Town Watch
37:46 Wheelbarrow
44:19 Imperial Age
43:06 Chain Mail Armor
44:31 Iron Casting
45:06 Elite Gbeto
46:59 Chemistry
47:30 Plate Mail Armor
Hōzōin Kenshin
6:59 Loom
9:15 Feudal Age
11:12 Double-Bit Axe
20:55 Castle Age
20:13 Bloodlines
20:11 Scale Barding Armor
20:16 Forging
20:56 Forging
21:02 Gold Mining
22:23 Bow Saw
23:55 Chain Barding Armor
30:52 Husbandry
30:54 Horse Collar
38:03 Imperial Age
35:46 Scale Mail Armor
36:12 Heavy Plow
36:48 Anarchy
37:53 Squires
38:46 Wheelbarrow
38:05 Town Watch
37:46 Light Cavalry
38:34 Stone Mining
41:13 Hand Cart
42:46 Two-Man Saw
43:23 Chain Mail Armor
46:02 Iron Casting
46:39 Cavalier
48:21 Blast Furnace
50:02 Crop Rotation
52:11 Conscription
51:39 Capped Ram
52:16 Fletching
51:51 Elite Huskarl
52:11 Hussar
57:19 Perfusion
59:34 Bodkin Arrow
64:06 Town Patrol
64:20 Masonry
Connection lost

Rejoining the realm…

Still unreachable

The connection could not be restored.

Session expired

The server has moved on; the page needs a fresh start.